 Dungeon Crawl Stone Soup version 0.29-a0-1008-g949cc1d0fb (webtiles) character file.

Game seed: 11486449029250585981

15558 Gargoyl the Cleaver (level 12, -7/77 HPs)
             Began as a Gargoyle Berserker on Aug 7, 2022.
             Was an Elder of Trog.
             Mangled by a black mamba (10 damage)
             ... on level 1 of the Lair of Beasts.
             The game lasted 00:14:23 (10452 turns).

Gargoyl the Cleaver (Gargoyle Berserker)           Turns: 10452, Time: 00:14:23

Health: -7/77      AC: 23    Str: 23    XL:     12   Next: 28%
Magic:  12/12      EV: 10    Int: 12    God:    Trog [****..]
Gold:   235        SH:  0    Dex: 13    Spells: 11/11 levels left

rFire   + . .      SeeInvis +   b - +6 hand axe "Impslayer" {drain, rN+ Int+5}
rCold   . . .      Faith    .   (no shield)
rNeg    + + .      Spirit   .   l - +1 chain mail
rPois   ∞          Reflect  .   z - +0 helmet
rElec   +          Harm     .   (no cloak)
rCorr   .          Rampage  .   (no gloves)
Will    .....                   (no boots)
Stlth   ..........              (no amulet)
HPRegen 0.22/turn               x - ring of protection from fire
MPRegen 0.13/turn               (no ring)

@: no status effects
A: sickness immunity, AC +8, negative energy resistance 1, electricity
resistance, torment resistance 1, petrification resistance, see invisible,
deterioration 1
a: Renounce Religion, Berserk, Trog's Hand, Brothers in Arms


You were on level 1 of the Lair of Beasts.
You worshipped Trog.
Trog was greatly pleased with you.
You visited 2 branches of the dungeon, and saw 11 of its levels.

You collected 710 gold pieces.
You spent 475 gold pieces at shops.

Inventory:

Hand Weapons
 a - a +1 hand axe of chaos
 b - the +6 hand axe "Impslayer" (weapon) {drain, rN+ Int+5}
   (You found it on level 2 of the Dungeon)

   A truly terrible weapon, it drains the life of any living foe it strikes.
   Int:       It affects your intelligence (+5).
   rN:        It protects you from negative energy.
 y - a +2 vorpal spear
Missiles
 f - 33 poisoned darts (quivered)
 o - 2 throwing nets
Armour
 l - a +1 chain mail (worn)
 z - a +0 helmet (worn)
Jewellery
 x - a ring of protection from fire (left hand)
Wands
 h - a wand of paralysis (20)
 k - a wand of acid (4)
Scrolls
 i - 6 scrolls of identify
 n - 4 scrolls of fog
 p - 4 scrolls of magic mapping
 q - 7 scrolls of teleportation
 r - a scroll of blinking
 u - a scroll of poison
Potions
 c - a potion of heal wounds
 d - 2 potions of lignification
 e - 2 potions of might
 g - 2 potions of brilliance
 j - a potion of flight
 m - a potion of berserk rage
 s - a potion of ambrosia
 t - a potion of haste
 v - 3 potions of mutation
 w - 2 potions of curing
 A - a potion of invisibility


   Skills:
 + Level 9.9 Fighting
 + Level 12.7 Axes
 + Level 1.8 Throwing
 + Level 11.0 Armour
 + Level 4.8 Dodging
 + Level 2.5 Stealth


You had 11 spell levels left.
You didn't know any spells.
Your spell library was empty.

Dungeon Overview and Level Annotations

Branches:
Dungeon (10/15)            Temple (0/1) D:6            Lair (1/5) D:10
    Orc: D:9-12

Altars:
Cheibriados
Elyvilon
Hepliaklqana
Nemelex Xobeh
Okawaru
Qazlal
Sif Muna
Xom
Yredelemnul

Shops:
D:1 :(!*   D:3 (   D:5 *   D:9 =   D:10 :


Innate Abilities, Weirdness & Mutations

You are immune to sickness and miasma.
Your stone body is resilient. (AC +8)
You are immune to poison.
You resist negative energy. (rN+)
You are resistant to electric shocks. (rElec)
You are resistant to unholy torment.
You are immune to petrification.
You have supernaturally acute eyesight. (SInv)
Your body sometimes deteriorates upon taking damage.


Message History

The basilisk bites you but does no damage.
You slash the basilisk! You drain the basilisk.
The basilisk is heavily wounded.
You slash the basilisk!
The basilisk is severely wounded.
The basilisk completely misses you.
You barely miss the basilisk.
The basilisk is severely wounded.
The basilisk bites you but does no damage.
Unknown command.
You slash the basilisk!
You kill the basilisk!
Trog accepts your kill.
You can now call in reinforcements.
You see here a basilisk corpse.
Unknown command.
A komodo dragon comes into view.
A komodo dragon is nearby!
A komodo dragon is nearby!
A komodo dragon is nearby!
A black mamba comes into view.
The komodo dragon hisses angrily.
The black mamba hisses angrily.
The komodo dragon bites you!
You closely miss the komodo dragon. The komodo dragon barely misses you.
You slash the komodo dragon! You drain the komodo dragon.
The komodo dragon is moderately wounded.
You slash the komodo dragon!
The komodo dragon is heavily wounded.
The komodo dragon bites you!!
* * * LOW HITPOINT WARNING * * *
You barely miss the komodo dragon.
The komodo dragon is heavily wounded.
You hit the black mamba.
The black mamba bites you but does no damage.
The komodo dragon bites you!
* * * LOW HITPOINT WARNING * * *
You slash the komodo dragon!
The komodo dragon is severely wounded.
You miss the black mamba. The black mamba bites you!
You die...

.. #.. .## #.. ...# ##...
...## #P... .....### .####
#...# ###....#.##
....##.##....#####..........
...........#...S@l..........
......S......†....†.........
.........#.....†.†..........
...# # #...######..........
.## #...# ###.....## ..##
#...# ##......## ..P###
#...# #P.......# ...#.#
#...# ##.....#...#
....#####...## ##.....###^.#


You could see a komodo dragon (drained) and a black mamba.

Vanquished Creatures
  A boulder beetle (D:9)
  2 two-headed ogres (D:9)
  5 death yaks (D:9)
  Sonja (D:10)
  Nergalle (D:9)
  2 cane toads (Lair:1)
  Maggie (Lair:1)
  Psyche (D:9)
  A komodo dragon (Lair:1)
  A kobold demonologist (D:9)
  A polar bear (Lair:1)
  2 hornets
  5 blink frogs (Lair:1)
  Sigmund (D:3)
  A shadow (D:9)
  A wyvern (D:9)
  2 basilisks (Lair:1)
  13 yaks
  3 steam dragons
  3 water moccasins (Lair:1)
  A sky beast (D:8)
  A black bear (D:5)
  An ogre (D:6)
  5 centaurs
  A phantom (D:6)
  4 kobold brigands
  5 bullfrogs
  A gnoll sergeant (D:10)
  5 scorpions
  9 killer bees
  An electric eel (D:9)
  6 howler monkeys
  5 jellies
  5 hounds
  5 orc priests
  A gnoll bouda (D:7)
  3 iguanas
  6 orc wizards
  Terence (D:3)
  Robin (D:2)
  2 adders
  12 gnolls
  A shadow imp (D:8)
  2 white imps
  4 ufetubi
  The ghost of fly the Sneak, a weakling DsDe of Kikubaaqudgha (D:4)
  3 dart slugs
  27 orcs
  14 endoplasms
  7 giant cockroaches
  21 goblins
  7 hobgoblins
  6 jackals (D:1)
  30 kobolds
  2 quokkas (D:1)
  6 ball pythons
  3 bats
  5 frilled lizards
  11 rats
279 creatures vanquished.

Vanquished Creatures (collateral kills)
  An orc warrior (D:9)
1 creature vanquished.

Vanquished Creatures (others)
  4 fungi (D:2)
  A plant (Lair:1)
  11 toadstools (D:2)
16 creatures vanquished.

Grand Total: 296 creatures vanquished

Notes
Turn   | Place    | Note
-------+----------+-------------------------------------------
     0 | D:1      | Gargoyl the Gargoyle Berserker began the quest for the Orb.
     0 | D:1      | Reached XP level 1. HP: 14/14 MP: 1/1
   362 | D:1      | Reached XP level 2. HP: 17/19 MP: 2/2
   454 | D:1      | Found Goock's Book Boutique.
   465 | D:1      | Found Jeurreoj's Weapon Shop.
   490 | D:1      | Reached skill level 3 in Axes
   802 | D:1      | Found a faded altar of an unknown god.
   855 | D:1      | Reached XP level 3. HP: 22/23 MP: 3/3
   892 | D:1      | Found Tiedghoje's Distillery.
   967 | D:1      | Found Guicrum's General Store.
  1003 | D:1      | Reached ** piety under Trog
  1546 | D:2      | Noticed Robin
  1563 | D:2      | Reached XP level 4. HP: 16/28 MP: 4/4
  1584 | D:2      | Killed Robin
  1614 | D:2      | Identified the +6 hand axe "Impslayer" {drain, rN+ Int+5}
  1825 | D:2      | Reached skill level 4 in Axes
  1825 | D:2      | Reached XP level 5. HP: 18/33 MP: 5/5
  2177 | D:2      | Reached *** piety under Trog
  2789 | D:3      | Noticed Terence
  2798 | D:3      | Killed Terence
  2900 | D:3      | Gained mutation: You have supernaturally acute eyesight.
                  | (SInv) [potion of mutation]
  2900 | D:3      | Gained mutation: Your body sometimes deteriorates upon
                  | taking damage. [potion of mutation]
  2906 | D:3      | Noticed Sigmund
  2915 | D:3      | Killed Sigmund
  2916 | D:3      | Reached skill level 5 in Axes
  2916 | D:3      | Reached XP level 6. HP: 38/38 MP: 6/6
  3348 | D:3      | Found a sparkling altar of Nemelex Xobeh.
  3432 | D:3      | Found Icwal's Antique Weapon Emporium.
  3577 | D:4      | Found a stormy altar of Qazlal.
  3711 | D:4      | Reached XP level 7. HP: 43/43 MP: 7/7
  3763 | D:4      | Found a basalt altar of Yredelemnul.
  3801 | D:4      | Reached skill level 1 in Stealth
  4031 | D:4      | Found a runed translucent gate.
  4031 | D:4      | Found a runed translucent gate.
  4031 | D:4      | Noticed fly's ghost (weakling DsDe)
  4032 | D:4      | Found a runed translucent gate.
  4042 | D:4      | Killed fly's ghost
  4111 | D:5      | Entered Level 5 of the Dungeon
  4144 | D:5      | Found an iron altar of Okawaru.
  4242 | D:5      | Identified the +0 leather armour of Zavve {Regen+}
  4407 | D:5      | Reached skill level 6 in Axes
  4576 | D:5      | Found Meowk's Assorted Antiques.
  4583 | D:5      | Bought a potion of heal wounds for 150 gold pieces
  4969 | D:6      | Reached XP level 8. HP: 40/48 MP: 8/8
  4977 | D:6      | Reached skill level 5 in Armour
  5226 | D:6      | Reached skill level 7 in Axes
  5417 | D:6      | Found a staircase to the Ecumenical Temple.
  5981 | D:7      | Noticed a hornet
  5989 | D:7      | Killed a hornet
  5990 | D:7      | Reached skill level 5 in Fighting
  5990 | D:7      | Reached skill level 8 in Axes
  5994 | D:7      | Reached XP level 9. HP: 54/54 MP: 9/9
  6004 | D:7      | Reached **** piety under Trog
  6156 | D:7      | Identified the +0 ring mail of Impish Awe {rPois rC+ Int-4}
  6481 | D:7      | Found a hazy altar of Hepliaklqana.
  6693 | D:8      | Found a snail-covered altar of Cheibriados.
  6693 | D:8      | Found a shimmering altar of Xom.
  6712 | D:8      | Reached skill level 9 in Axes
  7362 | D:9      | Noticed a hornet
  7364 | D:9      | Noticed Psyche
  7370 | D:9      | Killed a hornet
  7371 | D:9      | Reached XP level 10. HP: 59/61 MP: 10/10
  7374 | D:9      | Killed Psyche
  7439 | D:9      | Reached skill level 10 in Axes
  7547 | D:9      | Found Gorakh's Jewellery Shop.
  7550 | D:9      | Bought a ring of protection from fire for 325 gold pieces
  7554 | D:9      | Noticed a two-headed ogre
  7556 | D:9      | Noticed a two-headed ogre
  7569 | D:9      | Killed a two-headed ogre
  7574 | D:9      | Killed a two-headed ogre
  7837 | D:9      | Found a shimmering blue altar of Sif Muna.
  7845 | D:9      | Found a white marble altar of Elyvilon.
  7944 | D:9      | Noticed a kobold demonologist
  7953 | D:9      | Noticed a sixfirhy
  7955 | D:9      | Killed a kobold demonologist
  8082 | D:10     | Entered Level 10 of the Dungeon
  8082 | D:10     | Noticed a death yak
  8082 | D:10     | Noticed a death yak
  8082 | D:10     | Noticed a death yak
  8082 | D:10     | Noticed a death yak
  8082 | D:10     | Found a staircase to the Lair.
  8083 | D:10     | Noticed a death yak
  8085 | D:10     | Noticed Nergalle
  8102 | D:9      | Killed a death yak
  8103 | D:9      | Reached skill level 11 in Axes
  8103 | D:9      | Reached XP level 11. HP: 17/69 MP: 11/11
  8412 | D:10     | Noticed a boulder beetle
  8440 | D:9      | Killed a boulder beetle
  8535 | D:9      | Killed a death yak
  8725 | D:9      | Killed a death yak
  8740 | D:9      | Killed a death yak
  8741 | D:9      | Reached skill level 1 in Throwing
  8799 | D:9      | Killed a death yak
  9009 | D:9      | Killed Nergalle
  9010 | D:9      | Reached skill level 10 in Armour
  9198 | D:10     | Noticed Sonja
  9213 | D:10     | Killed Sonja
  9468 | D:10     | Found Yxky's Book Shoppe.
  9509 | D:10     | Reached skill level 12 in Axes
  9972 | Lair:1   | Entered Level 1 of the Lair of Beasts
  9984 | Lair:1   | Reached XP level 12. HP: 73/76 MP: 12/12
 10274 | Lair:1   | Noticed Maggie
 10293 | Lair:1   | Killed Maggie
 10451 | Lair:1   | HP: 3/77 [komodo dragon (16)]
 10452 | Lair:1   | Mangled by a black mamba

Illustrated notes

Levels and vault maps discovered:
D:1:      matt_arrival_refuge, layout_loops_ring,
          chequers_ecumenical_altar_twisty, serial_shops,
          nicolae_shop_bloodbath_and_beyond, shop, shop, shop,
          nicolae_concentric_dashed_squares_wild
D:2:      cheibrodos_fertilizer, layout_basic, uniq_robin
D:3:      layout_rooms, nemelex_diamond_rough_becter, serial_shops, shop_statue,
          serial_rivers, chequers_serial_rivers_room_b,
          chequers_serial_rivers_room_a, chequers_serial_rivers_room_a,
          chequers_serial_rivers_micro_a, kennysheep_doodads, uniq_sigmund,
          uniq_terence
D:4:      layout_basic, nicolae_overflow_crystal_walls,
          mainiacjoe_overflow_alcove_1, ebering_ghost_rock_garden,
          roderic_lattice_a, cheibrodos_gnoll_hut
D:5:      layout_loops_ring, lemuel_doored_altar, serial_shops,
          nicolae_shop_advertising_works [nicolae_subvault_shop_adworks]
D:6:      layout_loops_ring, minmay_temple_entry_statues_pillars
D:7:      layout_basic, mainiacjoe_overflow_boulevard, serial_park_tiny_pond
D:8:      layout_cave_pools, chequers_temple_overflow_statue_of_worship
D:9:      layout_rooms, lemuel_crystal_altar, nicolae_sif_muna_little_library,
          serial_shops, nicolae_shop_behind_doors, minivault_14, uniq_psyche
D:10:     layout_rooms, dpeg_lair_monsters, serial_shops, nicolae_shop_stone,
          hangedman_decor_push, water_boxes_lemuel, uniq_nergalle, uniq_sonja
Lair:1:   layout_hall_layers, uniq_harold, uniq_maggie

Skill      XL: |  1  2  3  4  5  6  7  8  9 10 11 12 |
---------------+-------------------------------------+-----
Axes           | 3 4 5 6 8 9 11 12 | 12.7
Dodging        | 2 3 4 |  4.8
Fighting       | 4 5 6 8 9 |  9.9
Armour         | 3 4 5 7 9 10 11 | 11.0
Stealth        | 1 2 |  2.5
Throwing       | 1 |  1.8

Action                   |  1- 3 |  4- 6 |  7- 9 | 10-12 || total
-------------------------+-------+-------+-------+-------++-------
Melee: Hand axe          |   131 |   116 |   217 |   312 ||   776
       Punch             |     2 |     1 |     2 |     7 ||    12
Throw: Dart              |       |       |       |    11 ||    11
Invok: Berserk           |     2 |     2 |     3 |     6 ||    13
       Trog's Hand       |       |     3 |     5 |    12 ||    20
       Brothers in Arms  |       |       |       |     1 ||     1
  Use: Scroll            |     4 |    11 |     2 |     3 ||    20
       Potion            |       |     4 |     1 |       ||     5
Armor: Animal skin       |    26 |       |       |       ||    26
       Ring mail         |    45 |    22 |       |       ||    67
       Skin              |       |    27 |       |       ||    27
       Chain mail        |       |    32 |   181 |   213 ||   426
Dodge: Dodged            |   108 |    47 |   106 |   145 ||   406

Table legend: (Time is in decaauts)
 A = Elapsed time spent in this place.
 B = Non-inter-level travel time spent in this place.
 C = Inter-level travel time spent in this place.
 D = Time resting spent in this place.
 E = Time spent auto-exploring this place.
 F = Levels seen in this place.
 G = Mean time per level.
                   A        B        C        D        E       F      G
               +--------+--------+--------+--------+--------+-----+--------+
         Total |  10503 |  10244 |    259 |    931 |   7274 |  11 |  954.8 |
       Dungeon |  10035 |   9777 |    258 |    931 |   6917 |  10 | 1003.5 |
          Lair |    468 |    468 |      0 |      0 |    356 |   1 |  468.0 |
               +--------+--------+--------+--------+--------+-----+--------+

Top non-repeatable levels by time:
     D:9: 1719 daAuts
     D:1: 1529 daAuts
     D:2: 1304 daAuts
     D:6: 884 daAuts
    D:10: 881 daAuts
     D:7: 859 daAuts
     D:5: 835 daAuts
     D:3: 776 daAuts
     D:8: 666 daAuts
     D:4: 577 daAuts
  Lair:1: 468 daAuts
